 Dungeon Crawl Stone Soup version 0.27-a0-1384-g1422d76b99 (webtiles) character file.

Game seed: 12585654613546077711

585 night the Digger (level 7, -4/41 HPs)
             Began as an Octopode Earth Elementalist on June 30, 2021.
             Slain by a sky beast (6 damage)
             ... on level 4 of the Dungeon.
             The game lasted 00:10:02 (4919 turns).

night the Digger (Octopode Earth Elementalist)      Turns: 4919, Time: 00:10:03

Health: -4/41      AC:  1    Str:  7    XL:     7   Next: 37%
Magic:  2/13       EV: 13    Int: 20    God:
Gold:   247        SH:  0    Dex: 12    Spells: 7/15 levels left

rFire    . . .     SeeInvis .   a - +0 dagger (elec)
rCold    . . .     Faith    .   (no shield)
rNeg     . . .     Spirit   .   (helmet restricted)
rPois    +         Reflect  .   (no amulet)
rElec    .         Harm     .   j - ring of flight
rCorr    .         Rampage  .   l - ring of poison resistance
Will     .....                  (no ring)
Stlth    +++.......             (no ring)
HPRegen  0.13/turn              (no ring)
MPRegen  0.13/turn              (no ring)
                                (no ring)
                                (no ring)

@: about to teleport, flying
A: almost no armour, amphibious, 8 rings, camouflage 1, gelatinous body 1,
(nimble swimmer 1), tentacles
a: no special abilities


You were on level 4 of the Dungeon.
You visited 1 branch of the dungeon, and saw 4 of its levels.

You collected 247 gold pieces.

Inventory:

Hand Weapons
 a - a +0 dagger of electrocution (weapon)
Missiles
 b - 147 stones
 d - 37 sling bullets
 g - 18 poisoned darts (quivered)
 i - 13 boomerangs
Jewellery
 j - a ring of flight (left tentacle)
 l - a ring of poison resistance (right tentacle)
Wands
 h - a wand of mindburst (10)
Scrolls
 f - a scroll of identify
Potions
 c - a potion of might
 e - a potion of curing
 m - a potion of brilliance {unknown}


   Skills:
 - Level 2.0 Dodging
 - Level 2.6 Stealth
 + Level 4.5 Spellcasting
 + Level 3.9 Conjurations
 - Level 1.0 Transmutations
 + Level 5.4 Earth Magic


You had 7 spell levels left.
You knew the following spells:

 Your Spells              Type           Power      Damage    Failure   Level
a - Sandblast             Erth           52%        2d12      1%          1
b - Stone Arrow           Conj/Erth      46%        3d9       5%          3
c - Passwall              Tmut/Erth      14%        N/A       4%          2
d - Searing Ray           Conj           40%        3d4       3%          2

Your spell library contained the following spells:

 Spells                   Type           Power      Damage    Failure   Level
 Magic Dart               Conj           80%        1d7       2%          1
 Dazzling Flash           Conj/Hex       24%        N/A       16%         3
 Petrify                  Tmut/Erth      17%        N/A       32%         4
 Lee's Rapid Deconstruct  Erth           13%        3d10*     34%         5
 Fulminant Prism          Conj/Hex       6%         3d7       47%         4
 Iskenderun's Mystic Bla  Conj/Tloc      12%        2d5       47%         4


Dungeon Overview and Level Annotations

Branches:
Dungeon (4/15)
 Temple: D:4-7

Altars:

Shops:
D:3 [

Annotations:
D:3 2 transporters, Sassenached's ghost, amateur GnWn


Innate Abilities, Weirdness & Mutations

You cannot wear most types of armour.
You are amphibious.
You can wear up to eight rings at the same time.
Your skin changes colour to match your surroundings (Stealth+).
Your rubbery body absorbs attacks. (AC +1, EV +1)
((You are camouflaged near water. (Stealth+)))
You have tentacles for arms and can constrict up to eight enemies at once.


Message History

Okay, then.
You see here the +5 dagger "Ylaun" {vorpal, rN+ Str+3 Dex+4}.
A sky beast appears from thin air!
Reactivating autopickup.
You see here 18 arrows.
Casting: Stone Arrow (dangerous; 5% risk of failure)
Confirm with . or Enter, or press ? or * to list all spells.
Aiming: Stone Arrow (dangerous; 5% risk of failure)
Press: ? - help, Shift-Dir - straight line, f/p - sky beast
Aim: a sky beast (moderately wounded, 60% to hit)
The stone arrow hits the sky beast.
The sky beast is moderately wounded.
The sky beast closely misses you.
Casting: Stone Arrow (dangerous; 5% risk of failure)
Confirm with . or Enter, or press ? or * to list all spells.
Aiming: Stone Arrow (dangerous; 5% risk of failure)
Press: ? - help, Shift-Dir - straight line, f/p - sky beast
Aim: a sky beast (moderately wounded, 60% to hit)
The stone arrow hits the sky beast.
The sky beast is heavily wounded.
The sky beast hits you. The sky beast shocks you.
Casting: Stone Arrow (dangerous; 5% risk of failure)
Confirm with . or Enter, or press ? or * to list all spells.
Aiming: Stone Arrow (dangerous; 5% risk of failure)
Press: ? - help, Shift-Dir - straight line, f/p - sky beast
Aim: a sky beast (heavily wounded, 60% to hit)
The stone arrow hits the sky beast!
The sky beast is almost dead.
The sky beast flickers out of sight!
Deactivating autopickup; reactivate with Ctrl-A.
Something hits you.
* * * LOW HITPOINT WARNING * * *
Something shocks you.
* * * LOW HITPOINT WARNING * * *
As you read the scroll labelled MOIFE ITECE, it crumbles to dust.
You feel strangely unstable.
It was a scroll of teleportation.
Something hits you.
* * * LOW HITPOINT WARNING * * *
Something shocks you.
You die...

#.# #.# #.# #.# #.# #.#
######'### #.#############.
#........# #.#.............
#........# #.#.............
#........# #.'...).........
#........#####.............
#........'@.(.##+#......?..
#........####.##.#.########
#....>...'...........
#........####+####+###
#........#...........#
#........#...........#
#........#...........#
#....................#
#.............####'#####.#


There were no monsters in sight!

Vanquished Creatures
  Grinder (D:4)
  Menkaure (D:4)
  A scorpion (D:4)
  A hound (D:4)
  A bullfrog skeleton (D:4)
  3 gnolls (D:3)
  5 adders
  An adder zombie (D:4)
  An adder skeleton (D:4)
  2 worms (D:3)
  4 orcs (D:3)
  2 ball pythons (D:2)
  6 endoplasms
  5 giant cockroaches
  5 goblins
  9 hobgoblins
  3 jackals
  4 quokkas
  5 bats
  4 frilled lizards
  6 kobolds
  4 rats
74 creatures vanquished.

Notes
Turn   | Place    | Note
-------+----------+-------------------------------------------
     0 | D:1      | night the Octopode Earth Elementalist began the quest for
                  | the Orb.
     0 | D:1      | Reached XP level 1. HP: 11/11 MP: 3/3
   307 | D:1      | Reached XP level 2. HP: 17/17 MP: 5/5
   771 | D:1      | Found a faded altar of an unknown god.
  1661 | D:2      | Learned a level 2 spell: Passwall
  1754 | D:2      | Reached XP level 3. HP: 21/21 MP: 4/6
  1758 | D:2      | Learned a level 3 spell: Stone Arrow
  2363 | D:2      | Reached skill level 1 in Conjurations
  2739 | D:3      | Reached XP level 4. HP: 21/27 MP: 8/8
  2838 | D:3      | Reached skill level 4 in Earth Magic
  3280 | D:3      | Noticed an ice beast
  3305 | D:3      | Reached XP level 5. HP: 28/31 MP: 4/9
  3359 | D:3      | Found Idiepeal's Antique Armour Boutique.
  3512 | D:3      | Noticed Sassenached's ghost (amateur GnWn)
  3517 | D:3      | Found a transporter.
  3520 | D:3      | Found a transporter.
  3692 | D:4      | Reached skill level 2 in Conjurations
  3730 | D:4      | Noticed Grinder
  3735 | D:4      | Killed Grinder
  3736 | D:4      | Reached XP level 6. HP: 30/36 MP: 2/12
  4197 | D:4      | Reached skill level 5 in Earth Magic
  4245 | D:4      | Learned a level 2 spell: Searing Ray
  4538 | D:4      | Noticed Menkaure
  4552 | D:4      | Killed Menkaure
  4553 | D:4      | Reached XP level 7. HP: 23/41 MP: 3/13
  4896 | D:4      | Identified the +5 dagger "Ylaun" {vorpal, rN+ Str+3 Dex+4}
  4917 | D:4      | HP: 6/41 [something (6)]
  4919 | D:4      | HP: 2/41 [something (4)]
  4919 | D:4      | Slain by a sky beast

Illustrated notes

Levels and vault maps discovered:
D:1:      wander_arrival_chamber, layout_basic, ebering_ecumenical_altar_webs,
          minmay_pentomino_t2
D:2:      layout_basic, minmay_misc_feat_diagonals
D:3:      layout_rooms, serial_shops, shop, gammafunk_ghost_arena
D:4:      layout_basic, uniq_grinder, uniq_pikel, uniq_menkaure

Skill      XL: |  1  2  3  4  5  6 |
---------------+-------------------+-----
Conjurations   | 1 3 |  3.9
Spellcasting   | 3 4 |  4.5
Earth Magic    | 4 5 |  5.4
Dodging        | |  2.0
Stealth        | |  2.6
Transmutations | |  1.0

Action                   |  1- 3 |  4- 6 |  7- 9 || total
-------------------------+-------+-------+-------++-------
Melee: Dagger            |    59 |    89 |     4 ||   152
       Constrict         |    13 |    23 |     1 ||    37
       Tentacles         |     6 |    15 |     3 ||    24
       Unarmed           |     1 |       |       ||     1
Throw: Dart              |     2 |     3 |       ||     5
 Cast: Sandblast         |    15 |    12 |     1 ||    28
       Passwall          |     3 |       |       ||     3
       Stone Arrow       |       |    10 |     6 ||    16
  Use: Scroll            |     4 |     2 |     1 ||     7
 Stab: Sleeping          |    11 |     6 |     1 ||    18
Armor: Skin              |     9 |     2 |       ||    11
Dodge: Dodged            |    17 |    56 |     4 ||    77

Table legend: (Time is in decaauts)
 A = Elapsed time spent in this place.
 B = Non-inter-level travel time spent in this place.
 C = Inter-level travel time spent in this place.
 D = Time resting spent in this place.
 E = Time spent auto-exploring this place.
 F = Levels seen in this place.
 G = Mean time per level.
                   A        B        C        D        E       F      G
               +--------+--------+--------+--------+--------+-----+--------+
         Total |   4917 |   4812 |    105 |    585 |   3623 |   4 | 1229.2 |
       Dungeon |   4917 |   4812 |    105 |    585 |   3623 |   4 | 1229.2 |
               +--------+--------+--------+--------+--------+-----+--------+

Top non-repeatable levels by time:
     D:1: 1642 daAuts
     D:4: 1233 daAuts
     D:2: 1098 daAuts
     D:3: 943 daAuts
